Unix NetHack Version 5.0.0-0 post-release - last build May 10 2026 23:12:36 (d1fa5d53e341ca933230fdaa984d921c805b60aa,branch:main).

Game began 2026-05-14 21:44:19, ended 2026-05-14 21:57:45.

ArrBianca, lawful female dwarven Archeologist

            --     --   ----
            .---   .|  --..|
          --...|   .|  |...|
        ---.--.|--..|  --..------
    --- |.....*|...-   --.......|                                           --
    |..--.[.......-    |........|   --- ..-                               --.-
   --............-------.....-------..(..                       ----    ---.).|
   |................|-...--..|----^..-                         --..|     ..%..
   |.............--.|....------....---                    |    |...|     ....-
   ---..|.....<*................----                    ---. ---...--    -...--
     -----.--*.[..........-------    ---                |.........@.---- |....|
         |--...).........-------------.--               |^.......qq....---...-
    --- --...-..--......................|               ---.....e.).........--
    -................----------........--                 ---..).............-
   |..........0......|       --.......-|                    .0.......*........|
   |.....---........--     ---.........--                  --..|.........---.--
   ---.--  --......--      |............|                   -----....--..| ---
     --     --....--       |........--..|                       |....|----
             ------        --.|.---------                       --.---
                            -----                                ---
ArrBianca the Field Worker  St:11 Dx:12 Co:12 In:16 Wi:16 Ch:9  Lawful
Dlvl:5  $:57 HP:0(31) Pw:10(10) AC:9  Xp:3 T:2278 

Latest messages:
 The gnome is hit by a rock!
 The gnome is killed!
 Really step onto that falling rock trap? [yn] (n) n
 o - a runed bow (weapon in right hand).
 a - a burnt +2 bullwhip (alternate weapon; not wielded).
 In what direction? h
 The arrow hits the floating eye.
 In what direction? h
 The arrow misses the floating eye.
 Your movements are now unencumbered.
 In what direction? h
 The arrow misses the floating eye.
 In what direction? h
 The arrow misses the floating eye.
 In what direction? h
 The arrow misses the floating eye.
 In what direction? h
 The arrow misses the floating eye.
 In what direction? h
 The arrow misses the floating eye.
 In what direction? h
 The arrow misses the floating eye.
 In what direction? h
 The arrow hits the floating eye.
 In what direction? h
 The arrow hits the floating eye.
 In what direction? h
 The arrow misses the floating eye.
 Pick a monster, object or location.
 q        a quadruped (rothe) [seen: normal vision, infravision]
 In what direction? h
 The arrow misses the rothe.
 In what direction? h
 The arrow misses the rothe.
 You have no ammunition readied.
 What do you want to fire? [$as or ?*] <space>
 Never mind.
 a - a burnt +2 bullwhip (weapon in right hand).
 o - a runed bow (alternate weapon; not wielded).
 The rothe hits!
 The rothe bites!
 The rothe just misses!
 The rothe hits!
 The rothe bites!
 The rothe bites again!
 The rothe hits!
 The rothe bites!
 The rothe bites again!
 You die...
 Do you want an account of creatures vanquished? [ynaq] (y) q

Inventory:
 Coins    ('$')
  $ - 57 gold pieces
 Weapons  (')')
  o - a +0 elven bow (alternate weapon; not wielded)
  s - a +0 orcish dagger
  a - a burnt +2 bullwhip (weapon in right hand)
 Armor    ('[')
  c - an uncursed +0 fedora (being worn)
  z - an uncursed +0 pair of low boots
  b - an uncursed +0 leather jacket (being worn)
 Comestibles  ('%')
  d - 5 uncursed food rations
  H - an uncursed homemade tin of gecko meat
 Scrolls  ('?')
  B - an uncursed scroll of identify
 Tools    ('(')
  h - an uncursed sack containing 12 items
  e - a +0 pick-axe
  J - an uncursed skeleton key
  f - a tinning kit (0:74)
 Gems/Stones  ('*')
  g - an uncursed touchstone

Contents of the sack:
  5 cursed -1 darts
  an uncursed +0 orcish helm
  an uncursed tin of gecko meat
  an uncursed tin of goblin meat
  an uncursed tin of jackal meat
  an uncursed lichen corpse
  a blessed scroll of enchant armor
  an uncursed scroll of remove curse
  an uncursed potion of confusion
  2 uncursed potions of healing
  a wand of cold (0:5)
  an uncursed towel

ArrBianca the Archeologist's attributes:

Background:
 You were a Field Worker, a level 3 female dwarven Archeologist.
 You were lawful, on a mission for Quetzalcoatl
 who was opposed by Camaxtli (neutral) and Huhetotl (chaotic).
 You were right-handed.
 You were in the Gnomish Mines, on level 5.
 You entered the dungeon 2278 turns ago.
 You had 64 experience points, 16 more were needed to attain level 4.

Basics:
 You had 0 out of 31 hit points.
 You had all 10 energy points (spell power).
 Your armor class was 9.
 Your wallet contained 57 zorkmids.
 Autopickup was on for '$?!/="+%' plus thrown, with exceptions.

Final Characteristics:
 Your strength was 11 (limit:18/100).
 Your dexterity was 12 (limit:20).
 Your constitution was 12 (limit:20).
 Your intelligence was 16 (limit:16).
 Your wisdom was 16 (limit:16).
 Your charisma was 9 (limit:16).

Final Status:
 You weren't hungry.
 You were unencumbered.
 You were wielding a whip.
 You had basic skill with whip.

Final Attributes:
 You were piously aligned.
 You had automatic searching.
 You had infravision.
 You were lucky.
 You are dead.

Miscellaneous:
 You encountered 1 bones level.
 Total elapsed playing time was 13 minutes and 26 seconds.

Major events:
 Turn
    1: ArrBianca the lawful female dwarven Archeologist entered the dungeon
 1069: attained the rank of Field Worker (level 3)
 1522: entered the Gnomish Mines
 2278: killed by a rothe

You didn't know any spells.

Skills:
 Fighting Skills
   bare handed combat [Unskilled]
   two weapon combat  [Unskilled]
   riding             [Unskilled]
 Weapon Skills
   dagger             [Unskilled]
   knife              [Unskilled]
   pick-axe           [Basic]
   short sword        [Unskilled]
   saber              [Unskilled]
   club               [Unskilled]
   quarterstaff       [Unskilled]
   sling              [Unskilled]
   dart               [Unskilled]
   boomerang          [Unskilled]
   whip               [Basic]
   unicorn horn       [Unskilled]
 Spellcasting Skills
   attack spells      [Unskilled]
   healing spells     [Unskilled]
   divination spells  [Unskilled]
   matter spells      [Unskilled]

Voluntary challenges:
 Character rerolling was not enabled.
 You never genocided any monsters.
 You never polymorphed an object.
 You never changed form.
 You used no wishes.
Achievements:
 You attained the rank of Field Worker.
 You entered the Gnomish Mines.

 The Dungeons of Doom: levels 1 to 3
    Level 1:
       A fountain.
    Level 2:
    Level 3:
       A grave.
       Stairs down to The Gnomish Mines.
 The Gnomish Mines: levels 4 to 5
    Level 4:
    Level 5: <- You were here.
       Final resting place for
          you, killed by a rothe,
          jvanheel-Rog-Hum-Mal-Cha, killed by an arrow.


Vanquished creatures:
  a gas spore
  2 giant rats
  a red mold
  a gnome
  2 geckos
  3 jackals
  a fox
  3 goblins
  7 grid bugs
  2 lichens
  4 kobold zombies
  2 newts
29 creatures vanquished.

No species were genocided or became extinct.

Game over:
                       ----------
                      /          \
                     /    REST    \
                    /      IN      \
                   /     PEACE      \
                  /                  \
                  |    ArrBianca     |
                  |      57 Au       |
                  |   killed by a    |
                  |      rothe       |
                  |                  |
                  |                  |
                  |       2026       |
                 *|     *  *  *      | *
        _________)/\\_//(\/(/\)/\//\/|_)_______

Goodbye ArrBianca the Archeologist...

You died in The Gnomish Mines on dungeon level 5 with 518 points,
and 57 pieces of gold, after 2278 moves.
You were level 3 with a maximum of 31 hit points when you died.

